 Dungeon Crawl Stone Soup version 0.19-a0-1239-gbb8a913 (webtiles) character file.

95 FrankyJ the Ogre Mage (level 4, -5/41 HPs)
             Began as an Ogre Conjurer on Aug 26, 2016.
             Slain by a gnoll
             ... wielding a +0 halberd
              (13 damage)
             ... on level 2 of the Dungeon.
             The game lasted 00:09:44 (3020 turns).

FrankyJ the Ogre Mage (Ogre Conjurer)               Turns: 3020, Time: 00:09:45

Health: -5/41      AC:  3    Str: 13    XL:     4   Next: 66%
Magic:  0/9        EV: 10    Int: 15    God:
Gold:   56         SH:  0    Dex: 10    Spells: 2 memorised, 7 levels left

rFire  . . .     SeeInvis .     f - +0 club
rCold  . . .     Gourm    .     a - +0 robe
rNeg   . . .     Faith    .     (no shield)
rPois  .         Spirit   .     (helmet restricted)
rElec  .         Dismiss  .     (no cloak)
rCorr  .         Reflect  .     (gloves unavailable)
MR     .....     Harm     .     (boots unavailable)
Stlth  +.........               (no amulet)
                                (no ring)
                                (no ring)

@: no status effects
A: unfitting armour, tough skin 1
a: no special abilities


You were on level 2 of the Dungeon.
You were not hungry.

You visited 1 branch of the dungeon, and saw 2 of its levels.

You collected 56 gold pieces.

Inventory:

Hand Weapons
 f - a +0 club (weapon)
Armour
 a - a +0 robe (worn)
Wands
 m - a wand of polymorph (3/24)
Scrolls
 h - 2 scrolls of immolation {unknown}
 i - a scroll of remove curse {unknown}
 k - a scroll of recharging {unknown}
 l - a scroll of blinking {unknown}
Potions
 d - a potion of cancellation {unknown}
 e - 3 potions of heal wounds {unknown}
 j - 2 potions of degeneration {unknown}
Books
 b - a book of Conjurations

   Spells                             Type                      Level
   a - Magic Dart                     Conjuration                  1
   b - Searing Ray                    Conjuration                  2
   c - Dazzling Spray                 Conjuration/Hexes            3
   d - Fulminant Prism                Conjuration/Hexes            4
   e - Iskenderun's Mystic Blast      Conjuration                  4
   f - Iskenderun's Battlesphere      Conjuration/Charms           5
Comestibles
 c - 2 bread rations
 g - a meat ration
 n - 3 chunks of flesh


   Skills:
 + Level 1.1 Fighting
 + Level 2.3 Dodging
 - Level 1.5 Stealth
 * Level 3.8 Spellcasting
 + Level 3.5 Conjurations


You had 7 spell levels left.
You knew the following spells:

 Your Spells              Type           Power        Failure   Level  Hunger
a - Magic Dart            Conj           ##..         4%          1    None
b - Searing Ray           Conj           ##....       8%          2    ##.....


Dungeon Overview and Level Annotations

Branches:
Dungeon (2/15)

Altars:


Innate Abilities, Weirdness & Mutations

You are too large for most types of armour.
You have tough skin. (AC +1)


Message History

The gnoll barely misses you. The gnoll hits you with a halberd!
You hit the gnoll.
The gnoll is almost dead.
The gnoll hits you with a halberd.
Casting: Searing Ray
Confirm with . or Enter, or press ? or * to list all spells.
Aiming: Magic Dart
Press: ? - help, Shift-Dir - straight line, f - gnoll
Aim: a gnoll, wielding a halberd (almost dead)
The magic dart hits the gnoll.
The gnoll is almost dead.
You closely miss the gnoll.
The gnoll is almost dead.
The gnoll hits you with a halberd!
* * * LOW HITPOINT WARNING * * *
The gnoll misses you.
You hit the gnoll but do no damage.
The gnoll is almost dead.
The gnoll hits you with a halberd!
You die...

##############
#............#
#.##########.#
#.# #)# ##.##
#.# ##...##
#@# ###.....#
#g# ....>...#
#)# ###.....#
#.# ##...##
#.# #########
#.# ......).#
#.# #######.#
#..# .# #.##


You could see a gnoll.

Vanquished Creatures
  3 gnolls (D:2)
  An adder (D:2)
  An ooze (D:2)
  A worm (D:2)
  A dart slug (D:1)
  A bat (D:2)
  8 giant cockroaches
  5 hobgoblins
  5 jackals
  2 ball pythons (D:1)
  3 giant newts
  4 goblins (D:1)
  7 kobolds
  5 rats
47 creatures vanquished.

Notes
Turn   | Place    | Note
-------+----------+-------------------------------------------
     0 | D:1      | FrankyJ the Ogre Conjurer began the quest for the Orb.
     0 | D:1      | Reached XP level 1. HP: 16/16 MP: 3/3
   439 | D:1      | Reached XP level 2. HP: 21/24 MP: 3/5
   443 | D:1      | Learned a level 2 spell: Searing Ray
   973 | D:1      | Reached XP level 3. HP: 32/32 MP: 4/7
  2560 | D:2      | Reached XP level 4. HP: 40/40 MP: 5/9
  3007 | D:2      | Reached skill level 1 in Fighting
  3020 | D:2      | Slain by a gnoll

Vault maps used:
D:1:      dpeg_arrival_signposts

Skill      XL: |  1  2  3  4 |
---------------+-------------+-----
Conjurations   | 3 |  3.5
Spellcasting   | 3 |  3.8
Dodging        | 2 |  2.3
Fighting       | 1 |  1.1
Stealth        | |  1.5

Action                   |  1- 3 |  4- 6 || total
-------------------------+-------+-------++-------
Melee: Club              |    54 |     6 ||    60
 Cast: Magic Dart        |    37 |     5 ||    42
       Searing Ray       |    23 |     4 ||    27
  Eat: Chunk             |     6 |     2 ||     8
Armor: Robe              |    24 |       ||    24
Dodge: Dodged            |    48 |     8 ||    56
